 Dungeon Crawl Stone Soup version 0.22-a0-247-gbddf880 (webtiles) character file.

248 kuniqs the Shield-Bearer (level 5, 0/49 HPs)
             Began as a Deep Dwarf Fighter on Feb 24, 2018.
             Killed from afar by Dowan (5 damage)
             ... with a wand of flame (8)
             ... on level 4 of the Dungeon.
             The game lasted 00:04:01 (2510 turns).

kuniqs the Shield-Bearer (Deep Dwarf Fighter)       Turns: 2510, Time: 00:04:02

Health: 0/49       AC:  9    Str: 20    XL:     5   Next: 86%
Magic:  1/1        EV:  8    Int:  9    God:
Gold:   213        SH:  9    Dex: 12    Spells: 4/4 levels left

rFire    . . .     SeeInvis .   a - +0 war axe
rCold    . . .     Gourm    .   c - +0 shield
rNeg     . . .     Faith    .   b - +0 scale mail
rPois    .         Spirit   .   l - +0 helmet
rElec    .         Reflect  .   t - +0 cloak
rCorr    .         Harm     .   (no gloves)
MR       .....                  (no boots)
Stlth    ..........             (no amulet)
HPRegen  0.00/turn              (no ring)
MPRegen  0.07/turn              (no ring)

@: non-regenerating, glowing
A: damage resistance, heal wounds, sense surroundings 1, no regeneration
a: Heal Wounds


You were on level 4 of the Dungeon.
You were hungry.

You visited 1 branch of the dungeon, and saw 4 of its levels.

You collected 213 gold pieces.

Inventory:

Hand Weapons
 a - a +0 war axe (weapon)
Armour
 b - a +0 scale mail (worn)
 c - a +0 shield (worn)
 l - a +0 helmet (worn)
 t - a +0 cloak (worn)
Scrolls
 h - 2 scrolls of teleportation
 i - a scroll of magic mapping {unknown}
 n - a scroll of identify {unknown}
 r - a scroll of enchant armour {unknown}
 u - a scroll of random uselessness {unknown}
Potions
 d - a potion of might
 j - 2 potions of curing {unknown}
 k - a potion of ambrosia {unknown}
 m - 2 potions of mutation {unknown}
 o - a potion of haste {unknown}
 p - a potion of brilliance {unknown}
 q - a potion of agility {unknown}
 s - a potion of lignification {unknown}
Comestibles
 f - 8 rations
 g - 4 chunks of flesh


   Skills:
 + Level 3.5 Fighting
 + Level 3.5 Axes
 + Level 4.3 Armour
 + Level 2.5 Dodging
 + Level 4.4 Shields


You had 4 spell levels left.
You didn't know any spells.

Dungeon Overview and Level Annotations

Branches:
Dungeon (4/15)
 Temple: D:4-7

Altars:
Ashenzari
Cheibriados
Hepliaklqana
Nemelex Xobeh
Ru
Vehumet
Wu Jian
Xom

Annotations:
D:2 1 runed door
D:4 Dowan, Duvessa


Innate Abilities, Weirdness & Mutations

You are resistant to damage.
You can heal yourself by infusing magical energy.
You passively map a small area around you.
You do not regenerate.


Message History

The puff of flame hits you!
* * * LOW HITPOINT WARNING * * *
Duvessa barely misses you.
Your magical essence is drained by the effort!
You feel much better. Dowan hits you but does no damage.
Duvessa gestures with her weapon.
You block Duvessa's attack.
You hit Dowan. You hit Duvessa. You block Duvessa's attack.
You block Dowan's attack.
Duvessa gestures with her weapon.
Duvessa hits you with a short sword of electrocution.
Dowan smirks and points a slender finger.
Dowan hits you but does no damage.
You hit Dowan. You hit Duvessa but do no damage.
Duvessa hits you with a short sword of electrocution.
You are electrocuted!
Duvessa hits you but does no damage.
You are electrocuted!
* * * LOW HITPOINT WARNING * * *
Dowan zaps a wand.
The puff of flame hits you!
You die...

# ## ..## ..## *
,....#* #...
S....# #e.#
......### #.e#*
** * , ,
........## *.e#
..%.b....##
##.#* ,
##......).###..#
###....e@.#..##
, ###..e)...## *
, ##.....## , ,
* #......###
#._.......
#........_, *
*#..####.....
#.[## ##..>
#oo## ### *


You could see Duvessa and Dowan.

Vanquished Creatures
  A bullfrog (D:3)
  An orc priest (D:3)
  2 orc wizards (D:3)
  3 adders (D:2)
  A worm (D:3)
  A dart slug (D:2)
  A leopard gecko (D:3)
  9 orcs
  A ball python (D:3)
  7 bats
  4 giant cockroaches
  6 goblins
  7 hobgoblins
  2 jackals (D:2)
  7 kobolds
  4 frilled lizards
  11 rats
68 creatures vanquished.

Notes
Turn   | Place    | Note
-------+----------+-------------------------------------------
     0 | D:1      | kuniqs the Deep Dwarf Fighter began the quest for the Orb.
     0 | D:1      | Reached XP level 1. HP: 20/20 MP: 1/1
    65 | D:1      | Found a shattered altar of Ashenzari.
   270 | D:1      | Reached XP level 2. HP: 20/27 MP: 2/2
   628 | D:2      | Reached skill level 1 in Dodging
   628 | D:2      | Reached XP level 3. HP: 23/33 MP: 3/3
   746 | D:2      | Found a snail-covered altar of Cheibriados.
   763 | D:2      | Found a sacrificial altar of Ru.
   763 | D:2      | Found an ornate altar of the Wu Jian Council.
   763 | D:2      | Found a hazy altar of Hepliaklqana.
   766 | D:2      | Found a radiant altar of Vehumet.
   906 | D:2      | Found a runed door.
  1087 | D:2      | Found a sparkling altar of Nemelex Xobeh.
  1484 | D:3      | Reached XP level 4. HP: 39/42 MP: 3/3
  2368 | D:4      | Found a snail-covered altar of Cheibriados.
  2368 | D:4      | Found a shimmering altar of Xom.
  2369 | D:4      | Noticed Duvessa
  2370 | D:4      | Noticed Dowan
  2375 | D:4      | Noticed a bullfrog
  2396 | D:3      | Reached XP level 5. HP: 24/49 MP: 4/4
  2510 | D:4      | Killed from afar by Dowan

Vault maps used:
D:1:      zelgadis_glass_arrival_small, ashenzari_altar_1
D:2:      lemuel_doored_altar, grunt_temple_overflow_open,
          uniq_crazy_yiuf_cottage
D:3:      first_ration
D:4:      xom_butterflies, minmay_temple_entry_nine_rooms, serial_column_ruins,
          column_ruins_open_tiny, column_ruins_open_tiny,
          column_ruins_corridor_T, column_ruins_grid_1, column_ruins_open_tiny,
          cheibriados_altar_1, uniq_eustachio, uniq_duvessa, uniq_edmund

Skill      XL: |  1  2  3  4 |
---------------+-------------+-----
Dodging        | 1 2 |  2.5
Fighting       | 3 |  3.5
Axes           | 3 |  3.5
Armour         | 4 |  4.3
Shields        | 4 |  4.4

Action                   |  1- 3 |  4- 6 || total
-------------------------+-------+-------++-------
Melee: War axe           |   121 |    95 ||   216
       Unarmed           |       |    12 ||    12
 Abil: Heal Wounds       |     1 |     7 ||     8
  Use: Scroll            |       |     2 ||     2
  Eat: Chunk             |     1 |     4 ||     5
Armor: Scale mail        |    60 |    50 ||   110
       Skin              |       |     2 ||     2
Dodge: Dodged            |    65 |    54 ||   119
Block: Shield            |    70 |    68 ||   138

Table legend:
 A = Spawn XP
 B = Non-spawn XP
 C = Spawn XP percentage of total XP
 D = Spawn monster count
 E = Non-spawn monster count
 F = Spawn count percentage of total count
 G = Total turns spent on level
                    A         B        C        D         E        F      G
               +---------+---------+-------+---------+---------+-------+---------
         Total |       0 |     355 |   0.0 |       0 |      68 |   0.0 |  2510
               +---------+---------+-------+---------+---------+-------+---------
           D:1 |       0 |      28 |   0.0 |       0 |      20 |   0.0 |   592
           D:2 |       0 |      68 |   0.0 |       0 |      18 |   0.0 |   878
           D:3 |       0 |     250 |   0.0 |       0 |      27 |   0.0 |   984
           D:4 |       0 |       9 |   0.0 |       0 |       3 |   0.0 |    56
               +---------+---------+-------+---------+---------+-------+---------
